AoeStats
← Chris77A

Highland

504038967Analyzed
3v3 RM · 28d ago on Sep 3, 2026· 29m 0s· 6 players
Game mode
Random Map
Map size
Normal (6 player)
Population
200
Speed
Normal
Resources
Standard
Victory
Conquest
Starting age
Dark Age
Ending age
Imperial Age
RankedLock teamsTeams togetherTeam positionsShared explorationLock speedFull tech treeHidden civsTurbo modeCheats
Victory
Defeat
🇻🇳 Persians · Vietnam
1515
+6
🇨🇴 Vietnamese · Colombia
1480
+7
🇵🇪 Mongols · Peru
1470
+8
🇬🇧 Spanish · United Kingdom
1347
-9
🇬🇧 Hindustanis · United Kingdom
1257
-7
🇬🇧 Byzantines · United Kingdom
1203
-5
CORP_ EuSanAoE
6:04 Loom
8:26 Feudal Age
12:28 Fletching
17:43 Padded Archer Armor
24:06 Castle Age
23:08 Scale Mail Armor
23:18 Forging
23:37 Arson
23:41 Double-Bit Axe
25:05 Bow Saw
25:10 Pikeman
[IMGG]Poncho
6:02 Loom
9:16 Feudal Age
15:36 Fletching
16:04 Padded Archer Armor
17:09 Horse Collar
22:50 Castle Age
21:02 Gold Mining
23:41 Bodkin Arrow
24:20 Husbandry
27:25 Ballistics
27:41 Bloodlines
29:21 Leather Archer Armor
Viet Nam Strategy
8:28 Loom
11:02 Feudal Age
16:41 Castle Age
15:04 Double-Bit Axe
16:15 Scale Barding Armor
17:05 Forging
17:07 Bloodlines
18:28 Husbandry
24:29 Wheelbarrow
25:40 Chain Barding Armor
27:53 Bow Saw
27:23 Horse Collar
Chris77A
2:05 Loom
2:34 Loom
12:01 Feudal Age
17:40 Castle Age
19:55 Scale Barding Armor
28:38 Wheelbarrow
out.c/imperator`
4:43 Loom
11:38 Feudal Age
12:23 Double-Bit Axe
13:18 Horse Collar
17:09 Gold Mining
19:29 Castle Age
17:38 Scale Barding Armor
18:48 Forging
18:55 Bloodlines
20:40 Chain Barding Armor
23:48 Husbandry
26:56 Wheelbarrow
26:30 Pikeman
DrunkMonk
4:17 Loom
11:33 Feudal Age
15:11 Scale Barding Armor
15:49 Forging
28:42 Castle Age
26:58 Double-Bit Axe
Connection lost

Rejoining the realm…

Still unreachable

The connection could not be restored.

Session expired

The server has moved on; the page needs a fresh start.